 Dungeon Sprint DCSS version 0.24-a0-250-g6074511092 (webtiles) character file.

Game seed: 6473688750123922812

123117 Redear the Impregnable (level 16, -19/180 HPs)
             Began as a Deep Dwarf Fighter on Apr 15, 2019.
             Was the Champion of Makhleb.
             Killed from afar by a starcursed mass (41 damage)
             ... with an accursed screaming
             ... while paralysed by accursed screaming
             ... in the Dungeon (Sprint V: "Ziggurat Sprint").
             The game lasted 00:25:41 (1892 turns).

Redear the Impregnable (Deep Dwarf Fighter)         Turns: 1892, Time: 00:25:41

Health: -19/180    AC: 32    Str: 31    XL:     16   Next: 36%
Magic:  24/24      EV:  2    Int: 10    God:    Makhleb [******]
Gold:   0          SH:  0    Dex: 20    Spells: 15/15 levels left

rFire    . . .     SeeInvis .   P - +8 frozen axe "Frostbite" {freezing cloud, *Noise +Fly rC+}
rCold    + + .     Gourm    .   (shield currently unavailable)
rNeg     + + .     Faith    .   t - +15 Maxwell's patent armour {-Cast -Tele rElec MR+ rCorr}
rPois    .         Spirit   .   V - +2 hat {MR+} {MR+}
rElec    +         Reflect  .   b - scarf {repulsion}
rCorr    +         Harm     .   w - +2 pair of gloves {Dex+3} {Dex+3}
MR       ++++.     NoTele   +   (no boots) Stlth ..........NoCast +
                                a - amulet "Awoezi" {+Rage rC+ rN+ Str+3}
HPRegen  0.00/turn              O - +4 ring of strength
MPRegen  0.19/turn              U - ring "Ulofun" {Dex+3 Slay+6}

@: paralysed, corroded, non-regenerating, studying Necromancy, silenced, repel
missiles
A: damage resistance, heal wounds, deformed body, negative energy resistance 1,
sense surroundings 2, no regeneration
a: Heal Wounds, Renounce Religion, Evoke Berserk Rage, Evoke Flight


You were in the Dungeon.
You worshipped Makhleb.
Makhleb was exalted by your worship.
You were not hungry.

You visited 1 branch

Inventory:

Hand Weapons
 r - the +6 Majin-Bo {vamp, Archmagi MP+6 Int+6, !w}
   (You found it in the Dungeon)

   It inflicts no extra harm, but heals its wielder when it wounds a living foe.
   It affects your intelligence (+6).
   It affects your magic capacity (+6).
 s - the +14 obsidian axe {chop, +Fly SInv *Curse}
   (You found it in the Dungeon)

   It inflicts extra damage upon your enemies.
   It lets you see invisible.
   It lets you fly.
   It curses itself when equipped.
 v - the +7 Singing Sword {slice, sonic wave}
   (You found it in the Dungeon)

   It inflicts extra damage upon your enemies.
 x - the +8 lance "Wyrmbane" {slay drac, rPois rF+ rC+ AC+3}
   (You found it in the Dungeon)

   It affects your AC (+3).
   It protects you from fire.
   It protects you from cold.
   It protects you from poison.
 F - the +6 shillelagh "Devastator" {shatter}
   (You found it in the Dungeon)
 P - the +8 frozen axe "Frostbite" (weapon) {freezing cloud, *Noise +Fly rC+}
   (You took it off a deep elf mage in the Dungeon)

   It has been specially enchanted to freeze those struck by it, causing extra
   injury to most foes and up to half again as much damage against particularly
   susceptible opponents.
   It can also slow down cold-blooded creatures.
   It protects you from cold.
   It lets you fly.
   It may make noises in combat.
 Y - a +9 vampiric executioner's axe {!w}
Armour
 b - a scarf of repulsion (worn)
 q - the +18 shield of the Gong {rElec rN+ MR+ EV-5}
   (You found it in the Dungeon)

   It affects your evasion (-5).
   It insulates you from electricity.
   It protects you from negative energy.
   It affects your resistance to hostile enchantments.
 t - the +15 Maxwell's patent armour (worn) {-Cast -Tele rElec MR+ rCorr}
   (You found it in the Dungeon)

   It insulates you from electricity.
   It affects your resistance to hostile enchantments.
   It prevents spellcasting.
   It prevents most forms of teleportation.
   It provides partial protection from all sources of acid and corrosion.
 w - a +2 pair of gloves of dexterity (worn) {Dex+3}
 K - the +8 plate armour of the Peculiar Ghosts {rN+}
   (You found it in the Dungeon)

   It protects you from negative energy.
 L - a +3 large shield
 M - the +8 chain mail "Ufalus" {rN+ rCorr}
   (You found it in the Dungeon)

   It protects you from negative energy.
   It provides partial protection from all sources of acid and corrosion.
 S - +9 gold dragon scales
 V - a +2 hat of magic resistance (worn) {MR+}
Jewellery
 a - the amulet "Awoezi" (around neck) {+Rage rC+ rN+ Str+3}
   (You found it in the Dungeon)

   [amulet of rage]

   It affects your strength (+3).
   It protects you from cold.
   It protects you from negative energy.
   It lets you go berserk.
 f - an uncursed ring of protection from fire {rF+}
 m - an uncursed ring of protection from magic {MR+}
 y - the ring "Qyso" {-Tele rElec rPois rF++ AC+3}
   (You found it in the Dungeon)

   [ring of protection]

   It affects your AC (+3).
   It greatly protects you from fire.
   It insulates you from electricity.
   It protects you from poison.
   It prevents most forms of teleportation.
 C - the cursed ring of Nauz {rF+++ Str-6 Int-5 Dex-3 SInv}
   (You found it in the Dungeon)

   [ring of strength]

   It affects your strength (-6).
   It affects your intelligence (-5).
   It affects your dexterity (-3).
   It renders you almost immune to fire.
   It lets you see invisible.
   It has a curse placed upon it.
 D - the amulet of Vitality {Regen+ HP+15}
   (You found it in the Dungeon)

   [amulet of regeneration]

   It affects your health (+15).
   It increases your rate of regeneration.
 I - an uncursed ring of wizardry {Wiz+}
 J - the amulet of Pive {Spirit *Drain rPois rC+++}
   (You found it in the Dungeon)

   [amulet of guardian spirit]

   It causes incoming damage to be split between your health and magic.
   It renders you almost immune to cold.
   It protects you from poison.
   It causes draining when unequipped.
 O - a +4 ring of strength (left hand)
 U - the ring "Ulofun" (right hand) {Dex+3 Slay+6}
   (You found it in the Dungeon)

   [ring of slaying]

   It affects your dexterity (+3).
   It affects your accuracy and damage with ranged weapons and melee attacks
   (+6).
 X - the amulet "Zaptahut" {+Rage +Inv +Fly rC+ Int+8}
   (You found it in the Dungeon)

   [amulet of rage]

   It affects your intelligence (+8).
   It protects you from cold.
   It lets you turn invisible.
   It lets you fly.
   It lets you go berserk.
 Z - a +4 ring of intelligence
Wands
 A - a wand of acid (7)
Scrolls
 c - 4 scrolls of brand weapon
 n - 7 scrolls of fog
 o - 3 scrolls of holy word
 p - 2 scrolls of fear
 B - 4 scrolls of blinking {@r4}
 G - 4 scrolls of amnesia
 N - 4 scrolls of remove curse
 R - 5 scrolls of identify
 T - 4 scrolls of enchant armour
Potions
 d - 6 potions of might {Str+5 DMG+1d10 | @q3}
 e - 2 potions of brilliance {Archmagi Int+5 Wiz++}
 g - 13 potions of heal wounds {@q1}
 h - 3 potions of resistance {rF+ rC+ rPois rElec rCorr}
 i - 7 potions of magic
 j - a potion of berserk rage
 k - a potion of experience
 l - 5 potions of agility {Stlth+ Dex+5 EV+5 | @q4}
 H - 6 potions of haste {@q5}
 Q - 10 potions of curing {@q2}
 W - 2 potions of invisibility
Books
 u - a manual of Necromancy
Comestibles
 z - 8 rations
 E - 3 chunks of flesh


   Skills:
 + Level 20.3 Fighting
 + Level 23.2 Axes
 + Level 23.3 Armour
 + Level 21.0 Dodging
 - Level 21.6 Shields
 - Level 18.4 Invocations


You had 15 spell levels left.
You didn't know any spells.
Your spell library contained the following spells:

 Spells                   Type           Power        Failure   Level  Hunger
 Animate Skeleton         Necr           N/A          77%         1    ##.....
 Apportation              Tloc           #.....       77%         1    ##.....
 Beastly Appendage        Tmut           #.....       77%         1    ##.....
 Confusing Touch          Hex            #.....       77%         1    ##.....
 Flame Tongue             Conj/Fire      #....        77%         1    ##.....
 Infusion                 Chrm           #...         77%         1    ##.....
 Magic Dart               Conj           #...         77%         1    ##.....
 Pain                     Necr           #...         77%         1    ##.....
 Sandblast                Erth           #.....       77%         1    ##.....
 Summon Butterflies       Summ           #.......     77%         1    ##.....
 Summon Small Mammal      Summ           #...         77%         1    ##.....
 Blink                    Tloc           N/A          88%         2    ###....
 Call Imp                 Summ           #.......     88%         2    ###....
 Corpse Rot               Necr           N/A          88%         2    ###....
 Ensorcelled Hibernation  Hex/Ice        #.....       88%         2    ###....
 Passwall                 Tmut/Erth      #.......     88%         2    ###....
 Searing Ray              Conj           #.....       88%         2    ###....
 Shroud of Golubria       Chrm/Tloc      #.........   88%         2    ###....
 Slow                     Hex            #.......     88%         2    ###....
 Song of Slaying          Chrm           #.......     88%         2    ###....
 Sublimation of Blood     Necr           #.........   88%         2    ###....
 Swiftness                Chrm/Air       #.......     88%         2    ###....
 Throw Flame              Conj/Fire      #.....       88%         2    ###....
 Confuse                  Hex            #.......     98%         3    ####...
 Conjure Flame            Conj/Fire      #.......     98%         3    ####...
 Dazzling Spray           Conj/Hex       #.....       98%         3    ####...
 Gell's Gravitas          Tloc           #.........   98%         3    ####...
 Ignite Poison            Fire/Tmut/Pois #.......     98%         3    ####...
 Inner Flame              Hex/Fire       #.......     98%         3    ####...
 Lesser Beckoning         Tloc           #.........   98%         3    ####...
 Mephitic Cloud           Conj/Pois/Air  #.......     98%         3    ####...
 Recall                   Summ/Tloc      N/A          98%         3    ####...
 Spectral Weapon          Hex/Chrm       #.......     98%         3    ####...
 Spider Form              Tmut/Pois      #.........   98%         3    ####...
 Static Discharge         Conj/Air       #.......     98%         3    ####...
 Stone Arrow              Conj/Erth      #.....       98%         3    ####...
 Tukima's Dance           Hex            #.......     98%         3    ####...
 Vampiric Draining        Necr           #.........   98%         3    ####...
 Animate Dead             Necr           N/A          100%        4    #####..
 Cause Fear               Hex            #.........   100%        4    #####..
 Force Lance              Conj/Tloc      #.......     100%        4    #####..
 Iskenderun's Mystic Bla  Conj           #.......     100%        4    #####..
 Leda's Liquefaction      Hex/Erth       #.........   100%        4    #####..
 Passage of Golubria      Tloc           N/A          100%        4    #####..
 Petrify                  Tmut/Erth      #.......     100%        4    #####..
 Throw Icicle             Conj/Ice       #.......     100%        4    #####..
 Alistair's Intoxication  Tmut/Pois      #.......     100%        5    ######.
 Bolt of Magma            Conj/Fire/Erth #.........   100%        5    ######.
 Borgnjor's Vile Clutch   Necr/Erth      #.........   100%        5    ######.
 Fireball                 Conj/Fire      #.........   100%        5    ######.
 Irradiate                Conj/Tmut      #.........   100%        5    ######.
 Iskenderun's Battlesphe  Conj/Chrm      #.......     100%        5    ######.
 Lee's Rapid Deconstruct  Erth           #.........   100%        5    ######.
 Lightning Bolt           Conj/Air       #.........   100%        5    ######.
 Metabolic Englaciation   Hex/Ice        #.........   100%        5    ######.
 Silence                  Hex/Air        #.........   100%        5    ######.
 Summon Forest            Summ/Tloc      #.........   100%        5    ######.
 Summon Mana Viper        Hex/Summ       #.......     100%        5    ######.
 Venom Bolt               Conj/Pois      #.........   100%        5    ######.
 Yara's Violent Unravell  Hex/Tmut       #.........   100%        5    ######.
 Bolt of Fire             Conj/Fire      #.........   100%        6    #######
 Darkness                 Hex            #.........   100%        6    #######
 Death Channel            Necr           #.........   100%        6    #######
 Deflect Missiles         Chrm/Air       #.........   100%        6    #######
 Hydra Form               Tmut           #.........   100%        6    #######
 Invisibility             Hex            #.......     100%        6    #######
 Iron Shot                Conj/Erth      #.........   100%        6    #######
 Simulacrum               Ice/Necr       #.........   100%        6    #######
 Dragon Form              Tmut           #.........   100%        7    #######
 Orb of Destruction       Conj           #.........   100%        7    #######
 Ring of Flames           Chrm/Fire      #.........   100%        7    #######
 Spellforged Servitor     Conj/Summ      #.........   100%        7    #######
 Summon Hydra             Summ           #.........   100%        7    #######
 Discord                  Hex            #.........   100%        8    #######
 Ignition                 Fire           #.........   100%        8    #######
 Dragon's Call            Summ           #.........   100%        9    #######
 Shatter                  Erth           #.........   100%        9    #######
 Tornado                  Air            #.........   100%        9    #######
 Regeneration             Chrm/Necr      Unusable     N/A         3    N/A

Dungeon Overview and Level Annotations

Branches:
Dungeon (1/1)

Altars:
Ashenzari
Cheibriados
Dithmenos
Elyvilon
Fedhas
Gozag
Hepliaklqana
Kikubaaqudgha
Makhleb
Nemelex Xobeh
Okawaru
Qazlal
Ru
Sif Muna
Trog
Uskayaw
Vehumet
Wu Jian
Xom
Yredelemnul
Zin
The Shining One
Beogh
Jiyva
Lugonu


Innate Abilities, Weirdness & Mutations

You are resistant to damage.
You can heal yourself by infusing magical energy.
You resist negative energy. (rN+)
You passively map the area around you.
You do not regenerate.
Armour fits poorly on your strangely shaped body.


Message History

You regained 20 hp, and now have 81/180 hp.
You feel much better.
A cacophony of accursed wailing tears at your sanity!
You suddenly lose the ability to move!
Cuqis gestures.
Cuqis's surroundings become eerily quiet.
The neqoxec gestures at you.
Something tries to feed on your intellect!
The rust devil hits you.
The starcursed mass engulfs you but does no damage.
The kobold demonologist casts a spell.
The starcursed mass engulfs you but does no damage.
The iron imp grins evilly.
Cuqis hits you!!
* * * LOW HITPOINT WARNING * * *
The white imp picks up a beetle and eats it.
The rust devil hits you. The rust devil corrodes you! Cuqis hits you!!
* * * LOW HITPOINT WARNING * * *
A cacophony of accursed wailing tears at your sanity!
You die... ▓K))§|}5=, ,, ▓5553?[)) , , , ▓4xKXz4=|[ , ▓XXX555.... , ▓XXXX355...,, ▓XX3XX3....,, , ▓XXXXXX....

, ,
▓XXXXX35........
▓@XXXXx....*....
▓4&X35..........
▓XXXX3.........
▓XXx3▓.......▓ .
▓...▓▓▓..§..▓▓ ..
▓....▓.......▓...
▓................
▓................,
▓........©.......


You could see Cuqis, 31 starcursed masses, a soul eater, 3 large abominations, a
rust devil, a kobold demonologist, a sixfirhy, 2 smoke demons, 3 neqoxecs, a
ynoxinul, 2 red devils, 3 small abominations, 2 iron imps, a wight, 2 quasits, a
crimson imp, 2 white imps, 2 shadow imps and an ufetubus.

Vanquished Creatures
  An ancient lich (D)
  A pandemonium lord (D)
  Nikola (D)
  A pearl dragon (D)
  A bone dragon (D)
  Rupert (D)
  A lich (D)
  4 deep elf blademasters (D)
  3 deep elf master archers (D)
  2 tentacled starspawn (D)
  Agnes (D)
  2 daevas (D)
  Aizul (D)
  A deep elf elementalist (D)
  A very ugly thing (D)
  2 angels (D)
  3 vampire knights (D)
  An ophan (D)
  A ghoul (D)
  2 stone giants (D)
  An apis (D)
  A deep elf annihilator (D)
  2 dire elephants (D)
  A merfolk javelineer (D)
  3 deep elf high priests (D)
  A yaktaur captain (D)
  3 merfolk impalers (D)
  3 naga warriors (D)
  3 catoblepae (D)
  2 alligator snapping turtles (D)
  8 hydras (D)
  2 merfolk aquamancers (D)
  A centaur warrior (D)
  A satyr (D)
  A dancing weapon (D)
  Erica (D)
  A vampire mage (D)
  A merfolk avatar (D)
  A hell hog (D)
  2 thrashing horrors (D)
  3 deep elf knights (D)
  A shadow wraith (D)
  A cherub (D)
  A skeletal warrior (D)
  A shadow demon (D)
  A large abomination (D)
  2 deep elf archers (D)
  A flayed ghost (D)
  A lindwurm (D)
  A necromancer (D)
  5 deep elf magi (D)
  A wolf spider (D)
  3 cyclopes (D)
  2 manticores (D)
  An elephant (D)
  9 spiny frogs (D)
  6 black mambas (D)
  A torpor snail (D)
  2 guardian serpents (D)
  A naga mage (D)
  Joseph (D)
  A rime drake (D)
  A komodo dragon (D)
  2 yaktaurs (D)
  A freezing wraith (D)
  2 merfolk (D)
  2 blink frogs (D)
  6 hippogriffs (D)
  2 raiju (D)
  A snapping turtle (D)
  A water elemental (D)
  5 shadows (D)
  A flying skull (D)
  2 wraiths (D)
  8 yaks (D)
  3 vampires (D)
  6 small abominations (D)
  A tarantella (D)
  3 basilisks (D)
  4 nagas (D)
  Edmund (D)
  14 water moccasins (D)
  2 porcupines (D)
  A black bear (D)
  3 wolves (D)
  6 starcursed masses (D)
  3 necrophages (D)
  3 centaurs (D)
  17 crocodiles (D)
  A bullfrog (D)
  2 scorpions (D)
  4 wights (D)
  A crimson imp (D)
  2 quasits (D)
  An iguana (D)
  3 mummies (D)
  2 adders (D)
  A river rat (D)
  3 shadow imps (D)
  3 white imps (D)
  3 ufetubi (D)
  An adder zombie (D)
  3 adder skeletons (D)
  4 bat skeletons (D)
  2 bat zombies (D)
  3 giant cockroach zombies (D)
  3 leopard gecko skeletons (D)
  5 starspawn tentacles (D)
264 creatures vanquished.

Vanquished Creatures (collateral kills)
  A deep elf blademaster (D)
  Kirke (D)
  A nagaraja (D)
  A deep elf annihilator (D)
  2 merfolk javelineers (D)
  A merfolk impaler (D)
  A yaktaur captain (D)
  Harold (D)
  3 hydras (D)
  A catoblepas (D)
  An alligator snapping turtle (D)
  A merfolk aquamancer (D)
  A hell hog (D)
  A dancing weapon (D)
  2 sea snakes (D)
  2 deep elf archers (D)
  A necromancer (D)
  2 deep elf magi (D)
  3 cyclopes (D)
  2 black mambas (D)
  2 spiny frogs (D)
  A rime drake (D)
  A komodo dragon (D)
  A yaktaur (D)
  A jumping spider (D)
  3 merfolk (D)
  3 snapping turtles (D)
  A dream sheep (D)
  3 hippogriffs (D)
  A tarantella (D)
  A yak (D)
  A shadow (D)
  A redback (D)
  3 water moccasins (D)
  A phantom (D)
  A wolf (D)
  A necrophage (D)
  3 centaurs (D)
  5 crocodiles (D)
  A scorpion (D)
  An adder skeleton (D)
  A bat skeleton (D)
  A ball python zombie (D)
67 creatures vanquished.

Vanquished Creatures (others)
  A water nymph (D)
  A water moccasin (D)
  A shadow imp (D)
  A lurking horror (D)
  3 starspawn tentacles (D)
7 creatures vanquished.

Grand Total: 338 creatures vanquished

Notes
Turn   | Place    | Note
-------+----------+-------------------------------------------
     0 | D        | Found the +6 Majin-Bo {vamp, Archmagi MP+6 Int+6}
     0 | D        | Found the +7 great mace "Firestarter" {inner flame, rF++}
     0 | D        | Redear the Deep Dwarf Fighter began the quest for the Orb.
     0 | D        | Reached XP level 1. HP: 20/20 MP: 1/1
     0 | D        | Found a deep blue altar of Sif Muna.
     0 | D        | Found a bloodstained altar of Trog.
     0 | D        | Found a sacrificial altar of Ru.
     0 | D        | Found a stormy altar of Qazlal.
     0 | D        | Found an iron altar of Okawaru.
     1 | D        | Found a sparkling altar of Nemelex Xobeh.
     1 | D        | Found a blossoming altar of Fedhas.
     3 | D        | Found a transporter.
     3 | D        | Found an ancient bone altar of Kikubaaqudgha.
     3 | D        | Found a viscous altar of Jiyva.
     3 | D        | Found a corrupted altar of Lugonu.
     3 | D        | Found a hazy altar of Hepliaklqana.
     3 | D        | Found a burning altar of Makhleb.
     3 | D        | Found an opulent altar of Gozag.
    34 | D        | Became a worshipper of Makhleb the Destroyer
    39 | D        | Found the +6 shillelagh "Devastator" {shatter}
    39 | D        | Found the +11 plutonium sword {*Contam Stlth-}
    39 | D        | Found the +8 lance "Wyrmbane" {slay drac, rPois rF+ rC+
                  | AC+3}
    39 | D        | Found the +9 sword of Zonguldrok {reap}
    39 | D        | Found the cursed +13 scythe of Curses {drain, *Curse}
    39 | D        | Found the +0 sword of Power
    39 | D        | Found the +7 mace of Variability {chain chaos}
    39 | D        | Found the +7 Singing Sword {slice, sonic wave}
    39 | D        | Found the +7 longbow "Piercer" {penet, EV-2}
    40 | D        | Found the +9 heavy crossbow "Sniper" {velocity, Acc+∞ SInv}
    40 | D        | Found the +10 dark maul {crush}
    40 | D        | Found the +15 Maxwell's patent armour {-Cast -Tele rElec
                  | MR+ rCorr}
    40 | D        | Found the +18 shield of the Gong {rElec rN+ MR+ EV-5}
    40 | D        | Found the cursed +14 obsidian axe {chop, +Fly SInv *Curse}
   132 | D        | Entered arena 2.
   132 | D        | Noticed a scorpion
   132 | D        | Noticed a scorpion
   132 | D        | Found a transporter.
   135 | D        | Killed a scorpion
   135 | D        | Reached skill level 4 in Fighting
   135 | D        | Reached skill level 4 in Axes
   135 | D        | Reached skill level 5 in Armour
   135 | D        | Reached skill level 5 in Shields
   135 | D        | Reached XP level 2. HP: 30/30 MP: 2/2
   135 | D        | Reached XP level 3. HP: 36/36 MP: 3/3
   136 | D        | Killed a scorpion
   136 | D        | Reached skill level 5 in Axes
   136 | D        | Reached XP level 4. HP: 45/45 MP: 4/4
   152 | D        | Got the +8 chain mail "Ufalus" {rN+ rCorr}
   156 | D        | Entered arena 3.
   156 | D        | Noticed a black bear
   156 | D        | Noticed a wolf
   156 | D        | Noticed a wolf
   156 | D        | Found a transporter.
   162 | D        | Killed a wolf
   162 | D        | Reached * piety under Makhleb
   162 | D        | Reached skill level 5 in Fighting
   162 | D        | Reached skill level 6 in Axes
   162 | D        | Reached skill level 6 in Armour
   162 | D        | Reached skill level 6 in Shields
   162 | D        | Reached XP level 5. HP: 52/52 MP: 5/5
   162 | D        | Killed a wolf
   162 | D        | Reached skill level 6 in Fighting
   162 | D        | Reached skill level 7 in Armour
   162 | D        | Reached skill level 7 in Shields
   163 | D        | Killed a black bear
   163 | D        | Reached skill level 7 in Axes
   163 | D        | Reached skill level 8 in Armour
   163 | D        | Reached skill level 8 in Shields
   163 | D        | Reached XP level 6. HP: 63/63 MP: 6/6
   169 | D        | Entered arena 4.
   169 | D        | Found a transporter.
   172 | D        | Reached ** piety under Makhleb
   173 | D        | Reached *** piety under Makhleb
   185 | D        | Entered arena 5.
   185 | D        | Found a transporter.
   189 | D        | Reached skill level 7 in Fighting
   189 | D        | Reached skill level 8 in Axes
   191 | D        | Reached **** piety under Makhleb
   203 | D        | Entered arena 6.
   203 | D        | Found a transporter.
   208 | D        | Reached ***** piety under Makhleb
   212 | D        | Reached skill level 9 in Armour
   212 | D        | Reached skill level 9 in Shields
   212 | D        | Reached XP level 7. HP: 72/72 MP: 7/7
   216 | D        | Entered arena 7.
   216 | D        | Noticed a jumping spider
   216 | D        | Noticed a tarantella
   216 | D        | Noticed a wolf spider
   216 | D        | Noticed a redback
   216 | D        | Noticed a tarantella
   217 | D        | Found a transporter.
   220 | D        | Killed a wolf spider
   220 | D        | Reached skill level 8 in Fighting
   220 | D        | Reached skill level 9 in Axes
   220 | D        | Reached skill level 10 in Armour
   220 | D        | Reached skill level 10 in Shields
   222 | D        | Killed a tarantella
   222 | D        | Reached skill level 10 in Axes
   222 | D        | Reached XP level 8. HP: 82/82 MP: 8/8
   222 | D        | Reached skill level 9 in Fighting
   227 | D        | Killed a jumping spider
   234 | D        | Entered arena 8.
   234 | D        | Noticed a deep elf archer
   234 | D        | Noticed a deep elf mage
   234 | D        | Noticed a deep elf knight
   234 | D        | Noticed a deep elf archer
   234 | D        | Noticed a deep elf mage
   234 | D        | Noticed a deep elf mage
   235 | D        | Found the +7 sceptre of Torment {pain, torment}
   235 | D        | Found a transporter.
   238 | D        | Killed a deep elf mage
   238 | D        | Reached skill level 11 in Armour
   238 | D        | Reached skill level 11 in Shields
   239 | D        | Killed a deep elf mage
   239 | D        | Reached ****** piety under Makhleb
   239 | D        | Reached skill level 11 in Axes
   239 | D        | Gained mutation: You passively map the area around you.
                  | [Deep Dwarf growth]
   239 | D        | Reached XP level 9. HP: 93/93 MP: 9/9
   241 | D        | Killed a deep elf archer
   241 | D        | Reached skill level 10 in Fighting
   242 | D        | Killed a deep elf archer
   242 | D        | Reached skill level 12 in Armour
   242 | D        | Reached skill level 12 in Shields
   243 | D        | Killed a deep elf knight
   243 | D        | Reached skill level 12 in Axes
   246 | D        | Killed a deep elf mage
   270 | D        | Got the cursed ring of Nauz {rF+++ Str-6 Int-5 Dex-3 SInv}
   289 | D        | Entered arena 9.
   289 | D        | Noticed a yaktaur
   289 | D        | Noticed a yaktaur
   289 | D        | Noticed a cyclops
   289 | D        | Noticed a yaktaur
   289 | D        | Noticed a cyclops
   291 | D        | Found a transporter.
   294 | D        | Killed a yaktaur
   294 | D        | Reached skill level 1 in Dodging
   294 | D        | Reached skill level 1 in Invocations
   295 | D        | Killed a cyclops
   295 | D        | Reached skill level 2 in Dodging
   295 | D        | Reached skill level 2 in Invocations
   296 | D        | Killed a yaktaur
   296 | D        | Reached skill level 11 in Fighting
   296 | D        | Reached skill level 3 in Invocations
   296 | D        | Reached XP level 10. HP: 104/104 MP: 9/12
   298 | D        | Reached skill level 3 in Dodging
   298 | D        | Reached skill level 4 in Invocations
   298 | D        | Killed a cyclops
   298 | D        | Reached skill level 13 in Armour
   298 | D        | Reached skill level 13 in Shields
   343 | D        | Got the amulet "Ecamott" {Faith Str+3}
   369 | D        | Entered arena 10.
   369 | D        | Noticed a spiny frog
   370 | D        | Found the +8 glaive of the Guard {elec, +Rage AC+5 SInv}
   370 | D        | Found the +2 robe of Vines {NoPotionHeal Regen+7}
   372 | D        | Found a transporter.
   377 | D        | Reached skill level 4 in Dodging
   377 | D        | Reached skill level 5 in Invocations
   378 | D        | Killed a spiny frog
   378 | D        | Reached skill level 13 in Axes
   396 | D        | Entered arena 11.
   396 | D        | Noticed an ophan
   397 | D        | Found a transporter.
   408 | D        | Killed an ophan
   408 | D        | Reached skill level 5 in Dodging
   408 | D        | Reached skill level 6 in Invocations
   418 | D        | Entered arena 12.
   418 | D        | Noticed Aizul
   418 | D        | Noticed Erica
   418 | D        | Noticed Nikola
   418 | D        | Noticed Edmund
   418 | D        | Noticed Kirke
   418 | D        | Noticed Harold
   418 | D        | Noticed Rupert
   419 | D        | Noticed a blizzard demon
   419 | D        | Noticed Joseph
   423 | D        | Identified the +11 triple crossbow of Offence {elec, rF+
                  | rC+}
   423 | D        | Noticed Agnes
   428 | D        | Killed Edmund
   433 | D        | Killed Nikola
   433 | D        | Reached skill level 12 in Fighting
   433 | D        | Reached skill level 14 in Axes
   433 | D        | Reached skill level 14 in Armour
   433 | D        | Reached skill level 7 in Dodging
   433 | D        | Reached skill level 14 in Shields
   433 | D        | Reached skill level 8 in Invocations
   433 | D        | Reached XP level 11. HP: 114/114 MP: 15/17
   435 | D        | Killed Erica
   435 | D        | Reached skill level 9 in Invocations
   438 | D        | Killed Harold
   439 | D        | Killed Agnes
   439 | D        | Reached skill level 8 in Dodging
   439 | D        | Reached skill level 10 in Invocations
   439 | D        | Killed Aizul
   442 | D        | Killed Rupert
   442 | D        | Reached skill level 13 in Fighting
   442 | D        | Reached skill level 15 in Armour
   442 | D        | Reached skill level 9 in Dodging
   442 | D        | Reached skill level 15 in Shields
   442 | D        | Reached skill level 11 in Invocations
   444 | D        | Killed Kirke
   444 | D        | Reached skill level 15 in Axes
   447 | D        | Killed Joseph
   447 | D        | Reached XP level 12. HP: 126/126 MP: 16/20
   448 | D        | Found a transporter.
   463 | D        | Entered arena 13.
   463 | D        | Noticed a vampire knight
   463 | D        | Noticed a vampire knight
   463 | D        | Noticed a ghoul
   469 | D        | Killed a vampire knight
   469 | D        | Reached skill level 10 in Dodging
   477 | D        | Reached skill level 12 in Invocations
   482 | D        | Killed a ghoul
   485 | D        | Killed a vampire knight
   486 | D        | Found a transporter.
   504 | D        | Got Gite's Almanac of Harmful Malediction
   513 | D        | Entered arena 14.
   515 | D        | Noticed a hell hog
   515 | D        | Noticed a hell hog
   517 | D        | Found a transporter.
   521 | D        | Killed a hell hog
   523 | D        | Reached skill level 11 in Dodging
   527 | D        | Killed a hell hog
   527 | D        | Reached skill level 16 in Armour
   527 | D        | Reached skill level 16 in Shields
   527 | D        | Reached skill level 13 in Invocations
   563 | D        | Got the ring "Qyso" {-Tele rElec rPois rF++ AC+3}
   577 | D        | Entered arena 15.
   578 | D        | Noticed a merfolk javelineer
   578 | D        | Noticed a merfolk aquamancer
   578 | D        | Noticed an alligator snapping turtle
   578 | D        | Noticed a merfolk impaler
   578 | D        | Noticed a merfolk avatar
   578 | D        | Identified the +1 ring mail of Rationality {rF+ Stlth+}
   578 | D        | Noticed a merfolk impaler
   578 | D        | Noticed a merfolk javelineer
   579 | D        | Noticed an alligator snapping turtle
   579 | D        | Identified the +8 rapier of Odoilagg {drain, Int+3}
   579 | D        | Noticed a merfolk impaler
   579 | D        | Noticed a merfolk impaler
   580 | D        | Found a transporter.
   582 | D        | Reached skill level 16 in Axes
   584 | D        | Killed a merfolk aquamancer
   584 | D        | Reached skill level 14 in Fighting
   588 | D        | Killed a merfolk impaler
   589 | D        | Killed a merfolk javelineer
   594 | D        | Your magical essence is drained by the effort!
   602 | D        | Killed a merfolk javelineer
   603 | D        | Killed an alligator snapping turtle
   605 | D        | Killed a merfolk impaler
   605 | D        | Reached skill level 12 in Dodging
   606 | D        | Killed a merfolk impaler
   606 | D        | Reached skill level 14 in Invocations
   606 | D        | Reached XP level 13. HP: 136/136 MP: 22/22
   611 | D        | Killed a merfolk impaler
   646 | D        | Got the amulet of Pive {Spirit *Drain rPois rC+++}
   656 | D        | Got the amulet "Zaptahut" {+Rage +Inv +Fly rC+ Int+8}
   666 | D        | Entered arena 16.
   667 | D        | Noticed a merfolk javelineer
   667 | D        | Noticed a stone giant
   667 | D        | Noticed a stone giant
   668 | D        | Identified the +1 robe of Peac {rElec rN+++ Int+2 Stlth-}
   669 | D        | Found a transporter.
   674 | D        | Killed a stone giant
   678 | D        | Killed a stone giant
   678 | D        | Reached skill level 17 in Armour
   678 | D        | Reached skill level 17 in Shields
   682 | D        | Reached skill level 17 in Axes
   683 | D        | Reached skill level 15 in Invocations
   684 | D        | Reached skill level 13 in Dodging
   688 | D        | Killed a merfolk javelineer
   688 | D        | Reached skill level 15 in Fighting
   720 | D        | Got the +8 plate armour of the Peculiar Ghosts {rN+}
   725 | D        | Entered arena 17.
   730 | D        | Found the amulet of Vitality {Regen+ HP+15}
   732 | D        | Found a transporter.
   813 | D        | Got the amulet "Awoezi" {+Rage rC+ rN+ Str+3}
   820 | D        | Entered arena 18.
   827 | D        | Noticed a nagaraja
   835 | D        | Reached skill level 16 in Invocations
   858 | D        | Killed a nagaraja
   858 | D        | Reached skill level 14 in Dodging
   860 | D        | Reached skill level 18 in Armour
   860 | D        | Reached skill level 18 in Shields
   870 | D        | Found a transporter.
   880 | D        | Got the Disquisition on Execration
   919 | D        | Entered arena 19.
   924 | D        | Noticed an apis
   924 | D        | Noticed a daeva
   924 | D        | Noticed an angel
   925 | D        | Noticed a daeva
   925 | D        | Noticed a pearl dragon
   926 | D        | Found a transporter.
   929 | D        | Identified the +5 hunting sling "Vuthoak" {flame, rElec
                  | rPois rF+ Str-4}
   929 | D        | Identified the ring of Tasuaq {Wiz MP+9 Stlth+}
   929 | D        | Noticed an angel
   936 | D        | Killed an apis
   936 | D        | Reached skill level 18 in Axes
   939 | D        | Killed an angel
   939 | D        | Gained mutation: You resist negative energy. (rN+) [Deep
                  | Dwarf growth]
   939 | D        | Reached XP level 14. HP: 125/148 MP: 25/25
   941 | D        | Killed a pearl dragon
   941 | D        | Reached skill level 17 in Invocations
   949 | D        | Killed a daeva
   949 | D        | Reached skill level 16 in Fighting
   949 | D        | Killed an angel
   954 | D        | Killed a daeva
   954 | D        | Reached skill level 15 in Dodging
  1087 | D        | Entered arena 20.
  1087 | D        | Noticed a vampire knight
  1089 | D        | Your magical essence is drained by the effort!
  1096 | D        | Killed a vampire knight
  1098 | D        | Noticed an ancient lich
  1098 | D        | Noticed a lich
  1102 | D        | Found a transporter.
  1110 | D        | Killed a lich
  1118 | D        | Killed an ancient lich
  1118 | D        | Reached skill level 19 in Axes
  1118 | D        | Reached skill level 19 in Armour
  1118 | D        | Reached skill level 19 in Shields
  1118 | D        | Reached skill level 18 in Invocations
  1206 | D        | Entered arena 21.
  1211 | D        | Noticed a deep elf master archer
  1212 | D        | Noticed a deep elf blademaster
  1212 | D        | Noticed a deep elf blademaster
  1212 | D        | Identified the ring of Mier {*Slow rElec rF+ SInv Stlth+}
  1212 | D        | Noticed a deep elf blademaster
  1212 | D        | Identified a ring of the Octopus King {MP+9 AC+1 EV+1 Str+1
                  | Int+1 Dex+1}
  1212 | D        | Noticed a deep elf blademaster
  1212 | D        | Identified the amulet of Dymmit {Faith rElec rN+}
  1212 | D        | Noticed a deep elf master archer
  1213 | D        | Noticed a deep elf blademaster
  1213 | D        | Identified the +7 long sword "Undertaker" {freeze, +Inv
                  | rElec Dex+3}
  1213 | D        | Noticed a deep elf elementalist
  1213 | D        | Noticed a deep elf master archer
  1213 | D        | Identified the cursed +0 lajatang of Conscience {slice,
                  | +Fly rPois rC+}
  1214 | D        | Found a transporter.
  1219 | D        | Killed a deep elf blademaster
  1219 | D        | Reached skill level 16 in Dodging
  1225 | D        | Killed a deep elf blademaster
  1225 | D        | Killed a deep elf blademaster
  1225 | D        | Reached skill level 17 in Fighting
  1227 | D        | Killed a deep elf master archer
  1232 | D        | Killed a deep elf elementalist
  1233 | D        | Killed a deep elf master archer
  1237 | D        | Killed a deep elf blademaster
  1237 | D        | Reached skill level 20 in Armour
  1237 | D        | Reached skill level 20 in Shields
  1237 | D        | Reached XP level 15. HP: 105/160 MP: 26/26
  1237 | D        | Reached skill level 20 in Axes
  1237 | D        | Reached skill level 17 in Dodging
  1239 | D        | Killed a deep elf master archer
  1240 | D        | Killed a deep elf blademaster
  1264 | D        | Reached skill level 18 in Fighting
  1326 | D        | Got the ring "Ulofun" {Dex+3 Slay+6}
  1332 | D        | Entered arena 22.
  1339 | D        | Found the +9 staff of Wucad Mu {channel}
  1346 | D        | Reached skill level 18 in Dodging
  1353 | D        | Reached skill level 21 in Shields
  1354 | D        | Reached skill level 21 in Armour
  1360 | D        | Found a transporter.
  1361 | D        | Reached skill level 21 in Axes
  1406 | D        | Got Sif Muna's Compendium of Enchantment
  1427 | D        | Entered arena 23.
  1434 | D        | Found the +3 salamander hide armour {+Rage rF++}
  1436 | D        | Found a transporter.
  1473 | D        | HP: 8/165 [catoblepas (15)]
  1476 | D        | Your magical essence is drained by the effort!
  1476 | D        | Reached skill level 19 in Dodging
  1681 | D        | Entered arena 24.
  1702 | D        | Reached skill level 19 in Fighting
  1704 | D        | Reached skill level 22 in Armour
  1715 | D        | Reached skill level 22 in Axes
  1720 | D        | Found a transporter.
  1779 | D        | Got Lee's Incunabulum of Earthen Combat Magic
  1784 | D        | Got Noiweg's Volume of Fiery Moulding
  1786 | D        | Got the Incunabulum of Mutagenic Dislocation
  1815 | D        | Entered arena 25.
  1850 | D        | Noticed a bone dragon
  1850 | D        | Noticed a tentacled starspawn
  1851 | D        | Found the +0 Maxwell's etheric cage {RegenMP+ *Contam rElec
                  | MP+4}
  1851 | D        | Gained mutation: Armour fits poorly on your strangely
                  | shaped body. [a neqoxec]
  1855 | D        | Noticed a tentacled starspawn
  1858 | D        | Paralysed by accursed screaming for 2 turns
  1859 | D        | Noticed Wuaf the pandemonium lord
  1861 | D        | Reached XP level 16. HP: 164/176 MP: 26/26
  1866 | D        | Reached skill level 20 in Dodging
  1867 | D        | Killed a tentacled starspawn
  1868 | D        | Paralysed by accursed screaming for 2 turns
  1870 | D        | Noticed Cuqis the pandemonium lord
  1872 | D        | Killed a bone dragon
  1873 | D        | Killed a tentacled starspawn
  1874 | D        | Reached skill level 20 in Fighting
  1875 | D        | Paralysed by accursed screaming for 2 turns
  1880 | D        | Killed Wuaf the pandemonium lord
  1880 | D        | Reached skill level 23 in Axes
  1880 | D        | Reached skill level 23 in Armour
  1880 | D        | Reached skill level 21 in Dodging
  1883 | D        | Paralysed by accursed screaming for 2 turns
  1885 | D        | HP: 14/180 [starcursed mass/accursed screaming (48)]
  1886 | D        | Your magical essence is drained by the effort!
  1887 | D        | Your magical essence is drained by the effort!
  1891 | D        | Paralysed by accursed screaming for 2 turns
  1892 | D        | Killed from afar by a starcursed mass

Levels and vault maps discovered:
D:        sprint_v [room_start, room_1, room_2, room_3, room_4, room_5, room_6,
          room_7, room_8, room_9, room_10, room_11, room_12, room_13, room_14,
          room_15, room_16, room_17, room_18, room_19, room_20, room_21,
          room_22, room_23, room_24, room_25, room_26, room_27]

Skill      XL: |  1  2  3  4  5  6  7  8  9 10 11 12 13 14 15 16 |
---------------+-------------------------------------------------+-----
Fighting       | 4 5 6 7 8 9 11 12 13 14 15 17 19 20 | 20.3
Axes           | 4 5 6 7 8 10 11 12 14 15 16 18 19 22 23 | 23.2
Armour         | 5 6 8 9 10 11 12 14 15 16 18 20 22 23 | 23.3
Shields        | 5 6 8 9 10 11 12 14 15 16 18 20 21 | 21.6
Dodging        | 2 7 9 12 14 16 19 21 | 21.0
Invocations    | 3 8 11 14 16 18 | 18.4

Action                   |  1- 3 |  4- 6 |  7- 9 | 10-12 | 13-15 | 16-18 || total
-------------------------+-------+-------+-------+-------+-------+-------++-------
Melee: Broad axe         |     3 |    18 |    20 |    90 |   219 |       ||   350
       Executioner's axe |       |       |       |       |    28 |    18 ||    46
Invok: Greater Servant o |       |       |       |     1 |       |       ||     1
 Abil: Heal Wounds       |       |       |       |     6 |    13 |     6 ||    25
       Evoke Berserk Rag |       |       |       |     2 |     2 |       ||     4
  Use: Potion            |       |       |       |     3 |     3 |       ||     6
       Scroll            |       |       |       |     1 |     9 |       ||    10
 Stab: Distracted        |       |       |       |     2 |     6 |       ||     8
       Petrified         |       |       |       |       |    24 |       ||    24
       Petrifying        |       |       |       |       |     1 |       ||     1
  Eat: Chunk             |       |       |       |       |     8 |       ||     8
Armor: Plate armour      |     2 |    18 |     5 |    64 |   662 |    42 ||   793
Dodge: Dodged            |       |       |       |    31 |   279 |    34 ||   344
       Deflected         |       |       |       |       |    11 |       ||    11
Block: Shield            |     3 |    34 |    33 |   192 |   488 |       ||   750

Table legend:
 A = Non-vault XP
 B = Vault XP
 C = Vault XP percentage of total XP
 D = Non-vault monster count
 E = Vault monster count
 F = Vault count percentage of total count
                 A         B        C        D         E       F
            +---------+---------+-------+---------+---------+-------
      Total |     650 |  175232 |  99.6 |       6 |     322 |  98.2
            +---------+---------+-------+---------+---------+-------
          D |     650 |  175232 |  99.6 |       6 |     322 |  98.2
            +---------+---------+-------+---------+---------+-------
